 Dungeon Crawl Stone Soup version 0.19.0 (webtiles) character file.

517733 PurpleRed the Slayer (level 25, -7/445 HPs)
             Began as an Ogre Hunter on Nov 12, 2016.
             Was the Champion of Qazlal.
             Mangled by a phantasmal warrior (16 damage)
             ... on level 5 of the Vaults.
             The game lasted 03:08:49 (58879 turns).

PurpleRed the Slayer (Ogre Hunter)                 Turns: 58879, Time: 03:08:50

Health: -7/445     AC: 39    Str: 32    XL:     25   Next: 76%
Magic:  36/36      EV:  1    Int: 13    God:    Qazlal [******]
Gold:   4885       SH:  0    Dex: 21    Spells: 7 memorised, 22 levels left

rFire  + . .     SeeInvis .     h - +5 giant club of Leicwoent {flame, rElec rC+ Int+3 Dex+7}
rCold  . . .     Gourm    .     (armour currently unavailable)
rNeg   + + +     Faith    .     (shield currently unavailable)
rPois  +         Spirit   .     (helmet currently unavailable)
rElec  +         Reflect  .     (cloak currently unavailable)
rCorr  .         Harm     .     (gloves unavailable)
MR     +....     NoTele   +     (boots unavailable)
Stlth  +.........               V - amulet of rage
                                C - +4 ring of protection
                                i - ring "Igetrop" {Fire rPois MR+ Str+2 Dex+2}

@: confused, tree-form, vulnerable, protected from physical damage, very
slightly contaminated, hasted, repel missiles, very quick
A: unfitting armour, (tough skin 0)
a: Upheaval, Elemental Force, Disaster Area, Renounce Religion, Evoke Berserk
Rage
}: 2/15 runes: barnacled, gossamer


You were on level 5 of the Vaults.
You worshipped Qazlal.
Qazlal was exalted by your worship.
You were not hungry.
You were a tree.
You visited 8 branches of the dungeon, and saw 42 of its levels.
You visited the Abyss 1 time.
You visited 1 ziggurat, and saw 6 of its levels.
You also visited: Bailey and Ice Cave.

You collected 6198 gold pieces.
You spent 1313 gold pieces at shops.

Inventory:

Hand Weapons
 a - a +0 giant spiked club of electrocution
 h - the +5 giant club of Leicwoent (weapon) {flame, rElec rC+ Int+3 Dex+7}
   (You acquired it on level 2 of the Lair of Beasts)

   It has been specially enchanted to burn those struck by it, causing extra
   injury to most foes and up to half again as much damage against particularly
   susceptible opponents.
   It affects your intelligence (+3).
   It affects your dexterity (+7).
   It protects you from cold.
   It insulates you from electricity.
Missiles
 c - 99 large rocks (quivered)
 d - 11 throwing nets
Armour
 g - +0 ice dragon scales
 n - a +2 cloak (melded)
 q - +0 fire dragon scales
 A - the +5 faerie dragon scales (melded) {+Inv rElec rPois Int-3}
   (You took it off the Enchantress on level 3 of the Depths)

   It affects your intelligence (-3).
   It insulates you from electricity.
   It protects you from poison.
   It lets you turn invisible.
 F - the +3 hat of Pondering (melded) {ponderous, MR+ MP+10 Int+5}
   (You took it off Gastronok on level 8 of the Dungeon)

   It affects your intelligence (+5).
   It affects your resistance to hostile enchantments.
   It affects your magic capacity (+10).
 L - a +3 troll leather armour
Jewellery
 i - the ring "Igetrop" (left branch) {Fire rPois MR+ Str+2 Dex+2}
   (You took it off a tengu conjurer on level 4 of the Depths)

   [ring of fire]

   It enhances your fire magic.
   It affects your strength (+2).
   It affects your dexterity (+2).
   It protects you from fire.
   It makes you vulnerable to cold.
   It protects you from poison.
   It affects your resistance to hostile enchantments.
 C - a +4 ring of protection (right branch)
 G - the ring "Pohyer" {rC+ rN+}
   (You took it off a deep elf knight on level 4 of the Depths)

   [ring of positive energy]

   It protects you from cold.
   It protects you from negative energy.
 H - an uncursed ring of flight
 M - an uncursed ring of resist corrosion
 U - an uncursed ring of positive energy
 V - an amulet of rage (around neck)
 Z - an uncursed ring of see invisible
Wands
 u - a wand of acid (11/15)
 B - a wand of paralysis (15/24)
 D - a wand of disintegration (8/24)
 W - a wand of iceblast (6/15)
Scrolls
 k - 28 scrolls of remove curse
 t - 3 scrolls of silence
 x - 9 scrolls of magic mapping
 y - 3 scrolls of enchant armour
 z - 5 scrolls of enchant weapon
 N - 6 scrolls of recharging
 Q - 8 scrolls of teleportation
 R - 26 scrolls of identify
 X - 3 scrolls of fog
Potions
 b - 2 potions of might
 e - 4 potions of lignification
 j - a potion of cure mutation
 r - 2 potions of invisibility
 v - 8 potions of agility
 w - 3 potions of curing
 I - 2 potions of berserk rage
 J - 3 potions of resistance
 K - 5 potions of flight
 O - 2 potions of haste
 P - 3 potions of ambrosia
 Y - 3 potions of cancellation
Miscellaneous
 s - a phantom mirror
 S - a phial of floods
Comestibles
 f - 18 bread rations
 m - 23 meat rations


   Skills:
 + Level 25.7 Fighting
 - Level 24.7 Maces & Flails
 - Level 10.9 Throwing
 * Level 16.8 Armour
 + Level 16.2 Dodging
 - Level 0.6 Stealth
 + Level 9.1 Spellcasting
 + Level 6.1 Translocations
 - Level 15.7 Invocations


You had 22 spell levels left.
You knew the following spells:

 Your Spells              Type           Power        Failure   Level  Hunger
a - Regeneration          Chrm/Necr      #.........   38%         3    ##.....
b - Animate Dead          Necr           N/A          96%         4    ####...
c - Blink                 Tloc           N/A          1%          2    None
d - Portal Projectile     Tloc           ###...       3%          3    ##.....
e - Passage of Golubria   Tloc           N/A          12%         4    ####...
f - Apportation           Tloc           ###.......   1%          1    None
g - Lesser Beckoning      Tloc           ###.......   3%          3    ##.....


Dungeon Overview and Level Annotations

Branches:
Dungeon (15/15)            Temple (1/1) D:6            Lair (6/6) D:9
 Shoals (4/4) Lair:2       Spider (4/4) Lair:2        Slime (0/5) Lair:6
    Orc (2/2) D:12            Elf (0/3) Orc:2        Vaults (5/5) D:14
  Crypt (0/3) Vaults:2     Depths (5/5) D:15            Zot (0/5) Depths:5

Altars:
Ashenzari
Cheibriados
Dithmenos
Elyvilon
Fedhas
Gozag
Hepliaklqana
Kikubaaqudgha
Makhleb
Nemelex Xobeh
Okawaru
Qazlal
Ru
Sif Muna
Trog
Uskayaw
Vehumet
Xom
Yredelemnul
Zin
The Shining One
Beogh
Jiyva

Shops:
D:6 [   D:7 [   D:11 :   D:13 ![[[   D:14 *   D:15 !   Orc:1 }%%?}
Orc:2 =[([*=   Shoals:3 %   Vaults:4 !   Depths:5 :

Portals:
Hell: Depths:1 Depths:2 Depths:3 Depths:4 Depths:5
Abyss: Depths:1 Depths:3 Depths:4
Pandemonium: Depths:2 Depths:3

Annotations:
Lair:6 1 runed door


Innate Abilities, Weirdness & Mutations

You are too large for most types of armour.
((You have tough skin. (AC +1)))


Message History

You feel invigorated.
The deep elf death mage beckons forth a restless soul!
You cannot move. (Use ctrl+direction to attack without moving.)
You swing at nothing.
The phantasmal warrior hits you but does no damage.
The yaktaur captain barely misses you.
A phantasmal warrior comes into view.
You miss the phantasmal warrior.
The death knight hits you from afar with an enchanted halberd.
* * * LOW HITPOINT WARNING * * *
The vault guard hits you but does no damage.
The flayed ghost cries, "Feel what I felt!"
The deep elf death mage casts a spell at you.
The bolt of negative energy hits the skeletal warrior.
The skeletal warrior completely resists.
The bolt of negative energy hits you! You resist.
You closely miss the skeletal warrior.
You hear a deafening roar!
The phantasmal warrior hits you!
You die...

#..#. #....
#....####################
#......pH.H.Q..p.........
#......pp)pp.p.e.....p..p
#..pp.pp.ppppp.....p).)..
#....)p..ppp.c.pp........
#...W####################
#...WW§z♣..p....
#..#*e§.W§§.....
#..#..ppc####### ..
#..#...... #. #..#.p....
## #X.#.c#....
#.C#..#.... #..#..#...##
#..#


You could see a death knight, 2 yaktaur captains, 3 vault guards, a deep elf
death mage, a skeletal warrior, a flayed ghost, 2 phantasmal warriors, a
freezing wraith and a lost soul.

Vanquished Creatures
  An ancient lich (Vaults:5)
  A juggernaut (Depths:5)
  Sojobo (Vaults:3)
  Boris (Vaults:4)
  Margery (Depths:4)
  Bai Suzhen (Vaults:4)
  Saint Roka (Depths:5)
  6 caustic shrikes (Depths:4)
  A golden dragon (Depths:2)
  Nikola (Vaults:3)
  the Enchantress (Depths:3)
  Arachne (Spider:3)
  A pandemonium lord (Zig:4)
  Rupert (Lair:3)
  The ghost of Oroborous the Brawler, an adept TrMo of Makhleb (Spider:4)
  2 tentacled monstrosities
  The ghost of hoot the Fencer, an adept DsBe of Trog (Vaults:4)
  2 Ice Fiends
  Asterion (Spider:3)
  3 liches
  Polyphemus (Shoals:3)
  2 acid blobs (Zig:5)
  An Executioner (Depths:5)
  4 ancient champions
  5 sphinxes
  A kraken (Shoals:3)
  4 tentacled starspawn (Abyss:2)
  Gastronok (D:8)
  Kirke (Lair:4)
  3 shadow dragons
  7 tengu reavers
  Ilsuiw (Shoals:4)
  Donald (Spider:2)
  8 fire giants
  A storm dragon (Vaults:1)
  The ghost of spsoon the Lord of Darkness, an adept DENe of Kikubaaqudgha (Shoals:1)
  A draconian monk (Depths:5)
  5 frost giants
  4 ghost moths
  Louise (D:14)
  12 vault wardens
  A balrug (Depths:2)
  A curse skull (Zig:3)
  3 orc warlords
  3 deep elf elementalists
  2 deep elf sorcerers (Vaults:2)
  A draconian zealot (Depths:5)
  6 spriggan defenders
  A ghoul (Vaults:2)
  Aizul (Spider:2)
  14 ironheart preservers
  18 very ugly things
  2 emperor scorpions (Spider:4)
  A draconian annihilator (Depths:5)
  A juggernaut skeleton (Depths:2)
  15 stone giants
  2 entropy weavers
  2 vampire knights
  Nessos (Orc:2)
  2 black draconians (Depths:5)
  5 deep elf demonologists
  A lorocyproca (Depths:3)
  2 red draconians (Depths:5)
  Azrael (D:14)
  13 spark wasps
  2 eidola
  11 ettins
  2 white draconians (Depths:5)
  A blizzard demon (Zig:4)
  13 fire dragons
  7 merfolk javelineers
  Snorg (Lair:4)
  13 merfolk impalers
  A deep elf death mage (Vaults:3)
  22 yaktaur captains
  6 crystal guardians
  6 rakshasas
  5 jiangshi
  11 great orbs of eyes
  25 vault guards
  2 hydras
  7 spriggan air magi
  12 ice dragons
  A catoblepas (Shoals:3)
  4 death knights
  A ghost crab (shapeshifter) (Depths:3)
  17 centaur warriors
  16 ogre magi
  2 alligator snapping turtles
  3 merfolk avatars
  7 deep troll shamans
  2 alligators (Lair:5)
  8 deep troll earth magi
  2 small abominations
  9 death yaks
  The ghost of PrincessPwny the Impaler, a novice MiBe of Trog (D:11)
  6 merfolk aquamancers
  3 satyrs (Shoals:4)
  3 vampire magi
  4 orc high priests (Orc:2)
  Urug (D:10)
  A hell hog (shapeshifter) (Vaults:4)
  9 tengu warriors
  2 spriggan berserkers
  2 shadow wraiths (Vaults:1)
  19 hell knights
  2 wretched stars (Abyss:2)
  11 deep elf knights
  Sonja (D:11)
  A spatial maelstrom (Abyss:2)
  A skeletal warrior (Zig:2)
  A fire crab (shapeshifter) (Vaults:1)
  12 sea snakes
  A sea snake (shapeshifter) (Depths:2)
  A torturous demonspawn (Depths:2)
  2 iron trolls
  3 swamp dragons
  2 sixfirhies (Abyss:2)
  5 unseen horrors
  14 glowing orange brains
  A death drake (shapeshifter) (Vaults:3)
  3 large abominations
  10 deep elf archers
  3 flayed ghosts
  23 deep trolls
  4 wizards
  17 ironbrand convokers
  8 hill giants
  22 orc knights
  A wolf spider zombie (D:15)
  A lindwurm (Lair:6)
  2 phantasmal warriors
  8 necromancers
  19 orb spiders
  9 harpies
  A salamander (Depths:3)
  A shining eye (Zig:5)
  38 wolf spiders
  24 deep elf magi
  An oklob plant (Lair:3)
  9 fauns
  6 orc sorcerers
  31 ugly things
  A tengu skeleton (Depths:2)
  A moth of wrath (Spider:4)
  8 cyclopes
  16 manticores
  An eye of devastation (Zig:5)
  4 elephants (Lair:2)
  8 sirens
  14 vault sentinels
  10 water nymphs
  3 black mambas
  Psyche (D:9)
  2 spiny frogs (shapeshifter)
  3 torpor snails
  3 molten gargoyles (Lair:6)
  A gargoyle (D:13)
  2 ice statues (IceCv)
  A smoke demon (Abyss:2)
  55 yaktaurs
  An orange demon (Depths:3)
  8 freezing wraiths
  10 spiny frogs
  2 efreet
  A catoblepas zombie (Abyss:2)
  12 demonic crawlers
  2 hellwings
  A kobold demonologist (D:14)
  2 rime drakes
  9 starcursed masses (Abyss:2)
  An elf skeleton (Depths:2)
  10 komodo dragons
  12 ice devils
  2 spriggan skeletons (Depths:2)
  A red devil (Depths:2)
  3 tengu conjurers
  A tormentor (Abyss:2)
  A troll (shapeshifter) (Depths:4)
  3 ancient zymes (Abyss:2)
  8 trolls
  2 meliai (shapeshifter)
  37 jumping spiders
  3 wind drakes
  37 merfolk
  Grinder (D:5)
  7 raiju (Abyss:2)
  32 two-headed ogres
  A wind drake (shapeshifter) (Depths:4)
  12 snapping turtles
  10 hornets
  12 dream sheep
  An ettin zombie (Abyss:2)
  A hippogriff (shapeshifter) (Vaults:4)
  35 slime creatures
  The ghost of coolpanthro the Archer, an amateur HEHu (D:4)
  14 blink frogs
  20 hippogriffs
  A flying skull (Zig:2)
  5 spriggans
  64 redbacks
  Sigmund (D:5)
  2 vampires
  2 ynoxinuls
  2 shadows
  2 humans
  3 wraiths
  9 water elementals
  A tarantella (shapeshifter) (D:15)
  39 tarantellas
  7 wyverns
  A fire elemental (D:15)
  47 yaks
  4 hogs
  4 steam dragons
  9 basilisks
  A golden eye (Zig:5)
  A redback simulacrum (D:14)
  2 hungry ghosts
  2 neqoxecs
  2 mottled dragons
  A spatial vortex (Abyss:2)
  11 wargs
  A soldier ant (shapeshifter) (Vaults:2)
  12 swamp worms
  4 floating eyes
  2 porcupines
  13 water moccasins
  7 hell hounds
  2 black bears
  3 eyes of draining
  70 orc warriors
  3 phantoms
  10 ice beasts
  A necrophage (D:6)
  2 swamp drakes (Lair:5)
  3 sky beasts
  73 ogres
  10 boggarts
  10 centaurs
  14 crocodiles
  3 big kobolds
  15 bullfrogs
  A gnoll sergeant (D:9)
  An earth elemental (Zig:1)
  3 wyvern zombies
  An ogre simulacrum (Vaults:1)
  A water moccasin zombie (D:7)
  A wyvern skeleton (D:14)
  3 scorpions
  6 killer bees
  8 wights
  7 howler monkeys
  5 lava snakes (Lair:6)
  An electric eel (Spider:1)
  12 crimson imps
  4 quasits
  5 centaur zombies
  26 orc priests
  A two-headed ogre zombie (Orc:1)
  3 bullfrog zombies
  An iron imp (Depths:2)
  6 jellies
  2 centaur skeletons
  6 hounds
  4 iguanas
  39 orc wizards
  4 bullfrog skeletons
  A gnoll shaman (D:6)
  Ijyb (D:2)
  9 worker ants
  A hound skeleton (D:6)
  A hound zombie (D:7)
  A howler monkey zombie (D:9)
  A worker ant zombie (D:7)
  12 gnolls
  13 adders
  3 river rats (D:9)
  8 shadow imps
  7 white imps
  10 ufetubi
  2 oozes
  13 worms
  3 dart slugs
  5 leopard geckos
  113 orcs
  3 ball pythons
  5 giant cockroaches
  12 goblins
  5 hobgoblins
  25 jackals
  5 quokkas
  8 bats
  4 frilled lizards
  A jackal skeleton (D:5)
  A jackal zombie (D:8)
  18 kobolds
  A leopard gecko skeleton (D:8)
  A quokka skeleton (D:8)
  18 rats
  40 fungi
  31 plants
  3 starspawn tentacles (Abyss:2)
  3 tentacles (Shoals:3)
2232 creatures vanquished.

Vanquished Creatures (collateral kills)
  A two-headed ogre (Vaults:1)
  A redback (Spider:2)
  A swamp worm (Lair:4)
3 creatures vanquished.

Vanquished Creatures (others)
  A reaper (IceCv)
  An unseen horror (Vaults:1)
  A deep elf mage (Vaults:1)
  2 two-headed ogres (Vaults:3)
  3 air elementals (Depths:5)
  A human (Lair:5)
  2 tarantellas
  2 ogres (Vaults:3)
  An orc warrior (Orc:2)
  3 white imps (IceCv)
  5 ufetubi (IceCv)
  2 orcs (Vaults:3)
  25 fungi
  39 plants
  9 starspawn tentacles (Abyss:2)
  8 tentacles (Shoals:3)
105 creatures vanquished.

Grand Total: 2340 creatures vanquished

Notes
Turn   | Place    | Note
-------+----------+-------------------------------------------
     0 | D:1      | PurpleRed the Ogre Hunter began the quest for the Orb.
     0 | D:1      | Reached XP level 1. HP: 22/22 MP: 1/1
    45 | D:1      | Reached skill level 3 in Fighting
   309 | D:1      | Reached XP level 2. HP: 31/31 MP: 2/2
   362 | D:1      | Reached skill level 1 in Maces & Flails
  1074 | D:2      | Reached XP level 3. HP: 25/39 MP: 3/3
  1873 | D:2      | Reached skill level 4 in Fighting
  1955 | D:2      | Reached XP level 4. HP: 33/48 MP: 4/4
  3058 | D:2      | Noticed Ijyb
  3060 | D:2      | Killed Ijyb
  3060 | D:2      | Reached XP level 5. HP: 54/55 MP: 5/5
  3347 | D:2      | Reached skill level 5 in Maces & Flails
  3916 | D:3      | Reached skill level 5 in Fighting
  4152 | D:3      | Reached XP level 6. HP: 64/66 MP: 6/6
  4420 | D:4      | Noticed coolpanthro's ghost (amateur HEHu)
  4428 | D:4      | Killed coolpanthro's ghost
  4432 | D:4      | Reached skill level 6 in Fighting
  4432 | D:4      | Reached XP level 7. HP: 49/75 MP: 7/7
  5050 | D:5      | Entered Level 5 of the Dungeon
  5241 | D:5      | Noticed Grinder
  5241 | D:5      | Paralysed by Grinder for 2 turns
  5252 | D:5      | Killed Grinder
  5252 | D:5      | Reached skill level 7 in Fighting
  5252 | D:5      | Reached XP level 8. HP: 71/87 MP: 8/8
  5341 | D:5      | You fall through a shaft!
  5937 | D:5      | Noticed Sigmund
  5950 | D:5      | Killed Sigmund
  5950 | D:5      | Reached skill level 10 in Maces & Flails
  6293 | D:5      | Found a shimmering altar of Xom.
  7250 | D:6      | Reached XP level 9. HP: 28/93 MP: 9/9
  7674 | D:6      | Found a staircase to the Ecumenical Temple.
  7685 | Temple   | Entered the Ecumenical Temple
  7946 | Temple   | Became a worshipper of Qazlal Stormbringer
  8237 | D:6      | Found Wutej's Armour Boutique.
  9540 | D:7      | Reached skill level 5 in Dodging
  9563 | D:7      | Found Yloliwic's Armour Shoppe.
  9816 | D:7      | Reached * piety under Qazlal
 10164 | D:7      | Reached XP level 10. HP: 81/102 MP: 10/10
 10412 | D:8      | Noticed Gastronok
 10431 | D:8      | Killed Gastronok
 10431 | D:8      | Reached skill level 15 in Maces & Flails
 10599 | D:8      | Found a flagged portal.
 10608 | Bailey   | Entered a bailey
 10611 | Bailey   | Noticed an orc knight
 10613 | Bailey   | Noticed an orc knight
 10628 | Bailey   | Killed an orc knight
 11104 | Bailey   | Killed an orc knight
 11104 | Bailey   | Reached XP level 11. HP: 90/109 MP: 11/11
 11114 | Bailey   | Reached ** piety under Qazlal
 11221 | Bailey   | Noticed an orc knight
 11227 | Bailey   | Killed an orc knight
 12785 | D:9      | Reached *** piety under Qazlal
 12813 | D:9      | Reached skill level 8 in Fighting
 12817 | D:9      | Noticed Psyche
 12829 | D:9      | Killed Psyche
 12959 | D:9      | Found a staircase to the Lair.
 13510 | D:10     | Entered Level 10 of the Dungeon
 13518 | D:10     | Noticed a hill giant
 13523 | D:10     | Killed a hill giant
 13537 | D:10     | Reached **** piety under Qazlal
 13587 | D:10     | Reached skill level 9 in Fighting
 13643 | D:10     | Noticed a hill giant
 13651 | D:10     | Killed a hill giant
 13680 | D:10     | Reached XP level 12. HP: 123/123 MP: 12/12
 14064 | D:10     | Noticed Urug
 14074 | D:10     | Killed Urug
 14172 | D:11     | Noticed Sonja
 14173 | D:11     | Killed Sonja
 14202 | D:11     | Noticed PrincessPwny's ghost (novice MiBe)
 14220 | D:11     | Killed PrincessPwny's ghost
 14220 | D:11     | Reached skill level 10 in Fighting
 14254 | D:11     | Found a frozen archway.
 14276 | IceCv    | Entered an ice cave
 14555 | IceCv    | Killed a reaper
 14916 | D:11     | Noticed a death knight
 14999 | Lair:1   | Entered Level 1 of the Lair of Beasts
 15133 | Lair:1   | Reached skill level 11 in Fighting
 15244 | Lair:1   | Reached ***** piety under Qazlal
 15466 | Lair:1   | Noticed a four-headed hydra
 15470 | Lair:1   | Killed a four-headed hydra
 15470 | Lair:1   | Reached skill level 1 in Invocations
 16166 | Lair:1   | Reached XP level 13. HP: 124/137 MP: 14/14
 16538 | Lair:2   | Reached skill level 12 in Fighting
 16918 | Lair:2   | Identified a scroll of acquirement
 16924 | Lair:2   | Got an iridescent giant club
 16925 | Lair:2   | Identified the +5 giant club of Leicwoent {flame, rElec rC+ Int+3 Dex+7} (You acquired it on level 2 of the Lair of Beasts)
 17095 | Lair:2   | Found a hole to the Spider Nest.
 17113 | Lair:2   | Reached skill level 5 in Invocations
 17241 | Lair:2   | Found a staircase to the Shoals.
 17972 | Lair:2   | Reached skill level 13 in Fighting
 18412 | Lair:3   | Noticed Rupert
 18445 | Lair:3   | Paralysed by something for 7 turns
 19511 | Lair:5   | Noticed Snorg
 19511 | Lair:5   | Noticed Kirke
 19791 | Lair:4   | Killed Snorg
 19908 | Lair:4   | Killed Kirke
 19908 | Lair:4   | Reached XP level 14. HP: 128/154 MP: 19/19
 20081 | Lair:5   | Reached skill level 1 in Armour
 20347 | Lair:5   | Reached skill level 14 in Fighting
 20660 | Lair:6   | Entered Level 6 of the Lair of Beasts
 20958 | Lair:6   | Reached ****** piety under Qazlal
 21004 | Lair:6   | Found a large runed door.
 21006 | Lair:6   | Found a large runed door.
 21190 | Lair:6   | Found a runed door.
 21191 | Lair:6   | Found a viscous altar of Jiyva.
 21191 | Lair:6   | Noticed an acid blob
 21198 | Lair:6   | Found a staircase to the Slime Pits.
 21969 | Lair:3   | Paralysed by Rupert for 6 turns
 21979 | Lair:3   | Killed Rupert
 22458 | D:11     | Reached skill level 15 in Fighting
 22643 | D:11     | Found Majov's Book Boutique.
 23302 | D:12     | Reached XP level 15. HP: 167/167 MP: 22/22
 23475 | D:12     | Found a staircase to the Orcish Mines.
 24184 | D:13     | Found Rehuyr's Armour Shoppe.
 24232 | D:13     | Reached skill level 5 in Armour
 24398 | D:13     | Found Qisiris's Antique Armour Shoppe.
 24475 | D:13     | Learned a level 3 spell: Regeneration
 24480 | D:13     | Learned a level 4 spell: Animate Dead
 24590 | D:13     | Found Lepunim's Armour Boutique.
 24662 | D:13     | Reached skill level 10 in Invocations
 24848 | D:13     | Found Jaufreunass's Distillery.
 24856 | D:13     | Bought a potion of heal wounds for 85 gold pieces
 24856 | D:13     | Bought a potion of heal wounds for 85 gold pieces
 24856 | D:13     | Bought a potion of might for 68 gold pieces
 24856 | D:13     | Bought a potion of agility for 68 gold pieces
 24856 | D:13     | Bought a potion of agility for 68 gold pieces
 24856 | D:13     | Bought a potion of agility for 68 gold pieces
 24856 | D:13     | Bought a potion of curing for 51 gold pieces
 25497 | D:14     | Noticed Louise
 25513 | D:14     | Killed Louise
 25711 | D:14     | Found a gate to the Vaults.
 25805 | D:14     | Found Gozag's Platinum Reserve.
 25805 | D:14     | Found an opulent altar of Gozag.
 26113 | D:15     | Entered Level 15 of the Dungeon
 26148 | D:15     | Noticed Azrael
 26378 | Orc:1    | Entered Level 1 of the Orcish Mines
 26438 | Orc:1    | Found Caovui's Food Shoppe.
 26478 | Orc:1    | Found Riaxzemn's Gadget Emporium.
 26521 | Orc:1    | Found Fiudgh Ones's Food Boutique.
 26738 | Orc:2    | Entered Level 2 of the Orcish Mines
 26828 | Orc:2    | Found Qozuu's Armour Shoppe.
 26856 | Orc:2    | Noticed an orc warlord
 26856 | Orc:2    | Reached skill level 16 in Fighting
 26885 | Orc:2    | Killed an orc warlord
 27113 | Orc:2    | Gained mutation: Your body sometimes deteriorates upon taking damage. [a neqoxec]
 27173 | Orc:2    | Noticed Nessos
 27174 | Orc:2    | Killed Nessos
 27174 | Orc:2    | Reached XP level 16. HP: 172/179 MP: 24/24
 27443 | Orc:2    | Found a staircase to the Elven Halls.
 27487 | Orc:2    | Found Cuamiom's Jewellery Shoppe.
 27723 | Orc:2    | Found Desatrast's Antique Armour Boutique.
 27724 | Orc:2    | Found Zion's Antique Weapon Boutique.
 27725 | Orc:2    | Found Esip's General Store.
 27725 | Orc:2    | Found Yruc's Jewellery Shop.
 28051 | Orc:1    | Found Pesonede's Gadget Emporium.
 28108 | Orc:1    | Found Ajuleoll's Magic Scroll Shoppe.
 28121 | Orc:1    | Bought a scroll of identify for 22 gold pieces
 28121 | Orc:1    | Bought a scroll of enchant weapon for 82 gold pieces
 28510 | D:14     | Killed Azrael
 28816 | D:15     | Found Qarchac's Distillery.
 28824 | D:15     | Bought a potion of haste for 140 gold pieces
 28824 | D:15     | Bought a potion of might for 56 gold pieces
 28824 | D:15     | Bought a potion of might for 56 gold pieces
 28824 | D:15     | Bought a potion of haste for 140 gold pieces
 28824 | D:15     | Bought a potion of curing for 42 gold pieces
 28824 | D:15     | Bought a potion of curing for 42 gold pieces
 29391 | D:15     | Found a staircase to the Depths.
 29686 | Spider:1 | Entered Level 1 of the Spider Nest
 29717 | Spider:1 | Reached skill level 17 in Fighting
 29833 | Lair:2   | Reached skill level 10 in Dodging
 30767 | Spider:2 | Noticed Donald
 31015 | Spider:2 | Killed Donald
 31015 | Spider:2 | Reached skill level 5 in Throwing
 31315 | Spider:3 | Reached XP level 17. HP: 192/192 MP: 26/26
 31336 | Spider:3 | Noticed Aizul
 31583 | Spider:2 | Killed Aizul
 31691 | Spider:3 | Noticed Asterion
 31714 | Spider:3 | Gained mutation: Scrolls take you a little longer to read. [a cacodemon]
 31893 | Spider:3 | Killed Asterion
 32131 | Spider:3 | Noticed Arachne
 32162 | Spider:3 | Killed Arachne
 32308 | Spider:3 | Identified the Tome of the Floating Volcanoes
 32462 | Spider:3 | Reached skill level 18 in Fighting
 33015 | Spider:3 | Found a roughly hewn altar of Beogh.
 33155 | Spider:4 | Entered Level 4 of the Spider Nest
 33505 | Spider:4 | Noticed Oroborous's ghost (adept TrMo)
 33519 | Spider:4 | Killed Oroborous's ghost
 34425 | Spider:4 | Reached XP level 18. HP: 205/205 MP: 27/27
 34710 | Spider:4 | Got a gossamer rune of Zot
 35184 | Shoals:1 | Entered Level 1 of the Shoals
 35207 | Shoals:1 | Noticed spsoon's ghost (adept DENe)
 35423 | Shoals:1 | Killed spsoon's ghost
 35751 | Shoals:1 | Reached skill level 19 in Fighting
 35808 | Shoals:1 | You fall through a shaft!
 36468 | Shoals:2 | Lost mutation: Scrolls take you a little longer to read. [potion of cure mutation]
 36468 | Shoals:2 | Lost mutation: Your body sometimes deteriorates upon taking damage. [potion of cure mutation]
 36855 | Shoals:2 | Reached skill level 10 in Armour
 37187 | Shoals:3 | Noticed Polyphemus
 37381 | Shoals:3 | Killed Polyphemus
 37572 | Shoals:3 | Found Hiuc's Food Shoppe.
 38037 | Shoals:4 | Entered Level 4 of the Shoals
 38041 | Shoals:4 | Reached skill level 10 in Throwing
 38044 | Shoals:4 | Noticed Ilsuiw
 38130 | Shoals:3 | Reached XP level 19. HP: 208/218 MP: 28/28
 38467 | Shoals:4 | Reached skill level 20 in Fighting
 38503 | Shoals:4 | Killed Ilsuiw
 38667 | Shoals:4 | Got a barnacled rune of Zot
 39911 | Vaults:1 | Entered Level 1 of the Vaults
 40720 | Vaults:1 | Reached skill level 21 in Fighting
 40720 | Vaults:1 | Reached XP level 20. HP: 211/234 MP: 30/30
 40958 | Vaults:1 | HP: 9/234 [yaktaur captain/bolt (16)]
 41368 | Vaults:1 | Got a glittering diamond amulet
 41372 | Vaults:1 | Identified the amulet "Erpheunn" {RegenMP rElec Str-2 Dex+4} (You took it off a yaktaur captain on level 1 of the Vaults)
 42415 | Vaults:2 | Reached skill level 15 in Invocations
 42721 | Vaults:2 | Reached skill level 22 in Fighting
 43275 | Vaults:2 | Reached XP level 21. HP: 171/245 MP: 32/32
 43870 | Vaults:2 | Found a staircase to the Crypt.
 44261 | Vaults:3 | Noticed Nikola
 44299 | Vaults:3 | Killed Nikola
 45070 | Vaults:3 | Paralysed by a Zot trap for 3 turns
 45112 | Vaults:3 | Learned a level 2 spell: Blink
 45116 | Vaults:3 | Learned a level 3 spell: Portal Projectile
 45121 | Vaults:3 | Learned a level 4 spell: Passage of Golubria
 45707 | Vaults:4 | Noticed hoot's ghost (adept DsBe)
 45726 | Vaults:4 | Killed hoot's ghost
 45763 | Vaults:4 | Noticed Sojobo
 45784 | Vaults:3 | Killed Sojobo
 46033 | Vaults:4 | Reached skill level 23 in Fighting
 46097 | Vaults:4 | Noticed Bai Suzhen
 46105 | Vaults:4 | Killed Bai Suzhen
 46111 | Vaults:4 | Reached XP level 22. HP: 100/260 MP: 33/33
 46778 | Vaults:4 | Learned a level 1 spell: Apportation
 46823 | Vaults:4 | Found a radiant altar of Vehumet.
 46827 | Vaults:4 | Found Liju's Distillery.
 46835 | Vaults:4 | Bought 2 potions of curing for 96 gold pieces
 46835 | Vaults:4 | Bought a potion of flight for 48 gold pieces
 46835 | Vaults:4 | Bought a potion of flight for 48 gold pieces
 46835 | Vaults:4 | Bought a potion of curing for 48 gold pieces
 46878 | Vaults:4 | Noticed Boris
 46885 | Vaults:4 | Killed Boris
 47612 | Depths:1 | Entered Level 1 of the Depths
 47630 | Depths:1 | Cast into level 2 of the Abyss (rakshasa)
 47896 | Depths:1 | Escaped the Abyss
 48851 | Depths:1 | Reached XP level 23. HP: 101/271 MP: 34/34
 48855 | Depths:1 | Found a gateway to Hell.
 49070 | Depths:1 | You fall through a shaft!
 49129 | Depths:2 | Reached skill level 24 in Fighting
 49532 | Depths:2 | Found a one-way gate leading to the halls of Pandemonium.
 50465 | Depths:2 | Noticed a golden dragon
 50485 | Depths:2 | Killed a golden dragon
 50767 | Depths:1 | Found a one-way gate to the infinite horrors of the Abyss.
 51183 | Depths:1 | Identified the Catalogue of the Flying Traveller
 51190 | Depths:1 | Learned a level 3 spell: Lesser Beckoning
 51563 | Depths:3 | Reached skill level 1 in Spellcasting
 51630 | Depths:3 | Reached skill level 1 in Translocations
 51730 | Depths:3 | Reached skill level 15 in Dodging
 52608 | Depths:3 | Paralysed by a floating eye for 4 turns
 52652 | Depths:4 | Noticed the Enchantress
 52732 | Depths:3 | Killed the Enchantress
 52743 | Depths:3 | Got faerie dragon scales
 52754 | Depths:3 | Identified the +5 faerie dragon scales {+Inv rElec rPois Int-3} (You took it off the Enchantress on level 3 of the Depths)
 52835 | Depths:4 | Reached XP level 24. HP: 257/284 MP: 34/34
 52866 | Depths:4 | Reached skill level 15 in Armour
 53031 | Depths:4 | Got a faintly glowing turquoise ring
 53033 | Depths:4 | Identified the ring "Pohyer" {rC+ rN+} (You took it off a deep elf knight on level 4 of the Depths)
 53068 | Depths:4 | Noticed Margery
 53085 | Depths:4 | Killed Margery
 53362 | Depths:4 | Reached skill level 5 in Spellcasting
 53753 | Depths:4 | Got a smoking glass ring
 53779 | Depths:4 | Reached skill level 25 in Fighting
 53785 | Depths:4 | Identified the ring "Igetrop" {Fire rPois MR+ Str+2 Dex+2} (You took it off a tengu conjurer on level 4 of the Depths)
 53838 | Depths:4 | Found a bloodstained altar of Trog.
 53945 | Depths:4 | Noticed a caustic shrike
 53954 | Depths:4 | Killed a caustic shrike
 54511 | Depths:4 | Found a snail-covered altar of Cheibriados.
 54702 | Depths:4 | Got a vibrating brass ring
 54704 | Depths:4 | Identified the ring of Qurece Ceism {EV+1 Int-5 Dex+4} (You took it off a deep elf knight on level 4 of the Depths)
 54799 | Depths:5 | Entered Level 5 of the Depths
 54806 | Depths:5 | Noticed a caustic shrike
 54809 | Depths:5 | Noticed a caustic shrike
 54809 | Depths:5 | Noticed a caustic shrike
 54811 | Depths:5 | Noticed a caustic shrike
 54814 | Depths:4 | Killed a caustic shrike
 55193 | Depths:5 | Noticed Saint Roka
 55218 | Depths:5 | Killed Saint Roka
 55220 | Depths:5 | Noticed a caustic shrike
 55232 | Depths:4 | Killed a caustic shrike
 55649 | Depths:4 | Killed a caustic shrike
 55650 | Depths:4 | Killed a caustic shrike
 55778 | Depths:4 | Killed a caustic shrike
 55778 | Depths:4 | Reached XP level 25. HP: 159/296 MP: 34/34
 56555 | Depths:5 | Found Faluqeat's Book Shoppe.
 56672 | Depths:5 | Found a gateway to a ziggurat.
 56692 | Zig:1    | Entered Level 1 of a ziggurat
 56727 | Zig:2    | Entered Level 2 of a ziggurat
 56737 | Zig:2    | Reached skill level 5 in Translocations
 56753 | Zig:3    | Entered Level 3 of a ziggurat
 57043 | Zig:4    | Entered Level 4 of a ziggurat
 57045 | Zig:4    | Noticed Uffukaed the pandemonium lord
 57058 | Zig:4    | Killed Uffukaed the pandemonium lord
 57186 | Zig:5    | Entered Level 5 of a ziggurat
 57261 | Zig:6    | Entered Level 6 of a ziggurat
 57264 | Zig:6    | Noticed Baip the pandemonium lord
 58127 | Depths:5 | Found a gate to the Realm of Zot.
 58182 | Depths:5 | Noticed a juggernaut
 58188 | Depths:5 | Killed a juggernaut
 58710 | Vaults:5 | Entered Level 5 of the Vaults
 58722 | Vaults:5 | Noticed an ancient lich
 58758 | Vaults:5 | Killed an ancient lich
 58785 | Vaults:5 | HP: 3/297 [vault warden/long sword of holy wrath (24)]
 58871 | Vaults:5 | HP: 5/297 [sphinx/divine providence (12)]
 58875 | Vaults:5 | HP: 2/445 [phantasmal warrior (21)]
 58879 | Vaults:5 | Mangled by a phantasmal warrior

Skill      XL: |  1  2  3  4  5  6  7  8  9 10 11 12 13 14 15 16 17 18 19 20 21 22 23 24 25 |
---------------+----------------------------------------------------------------------------+-----
Fighting       | 3 4 5 6 7 9 11 13 15 16 17 18 19 21 22 23 24 25 | 25.7
Maces & Flails | 2 3 4 5 7 9 11 14 16 18 20 21 22 23 24 | 24.7
Dodging        | 3 5 7 8 9 10 11 12 13 14 15 16 | 16.2
Invocations    | 1 7 9 11 12 14 15 | 15.7
Armour         | 4 6 8 9 10 11 13 14 15 16 | 16.8
Throwing       | 5 7 10 | 10.9
Spellcasting   | 4 7 9 |  9.1
Translocations | 2 4 6 |  6.1
Stealth        | |  0.6

Action                   |  1- 3 |  4- 6 |  7- 9 | 10-12 | 13-15 | 16-18 | 19-21 | 22-24 | 25-27 || total
-------------------------+-------+-------+-------+-------+-------+-------+-------+-------+-------++-------
Melee: Short sword       |    12 |       |       |       |       |       |       |       |       ||    12
       Mace              |   112 |   147 |    19 |       |       |       |       |       |       ||   278
       Flail             |       |       |   369 |       |       |       |       |       |       ||   369
       Giant club        |       |       |    61 |   625 |   963 |  1151 |  1129 |  1204 |   260 ||  5393
Throw: Large rock        |     5 |    15 |    13 |       |       |    65 |    42 |    21 |       ||   161
       Javelin           |       |       |       |     8 |       |       |       |       |       ||     8
Invok: Elemental Force   |       |       |       |       |     2 |     1 |     1 |       |       ||     4
       Disaster Area     |       |       |       |       |       |     1 |       |     2 |       ||     3
       Upheaval          |       |       |       |       |       |       |     1 |     1 |       ||     2
 Abil: Evoke Flight      |       |       |       |     3 |       |     2 |       |       |     1 ||     6
       Evoke Berserk Rag |       |       |       |       |       |     3 |     3 |     1 |     2 ||     9
       Evoke Invisibilit |       |       |       |       |       |       |       |       |     1 ||     1
Evoke: Wand              |       |       |       |    13 |       |       |       |     4 |       ||    17
       Phial of floods   |       |       |       |       |       |       |     1 |       |       ||     1
       Phantom mirror    |       |       |       |       |       |       |     1 |       |       ||     1
  Use: Scroll            |     1 |    12 |     6 |     9 |    19 |     2 |    11 |     4 |     7 ||    71
       Potion            |       |       |     2 |     2 |     2 |     5 |     2 |     1 |    25 ||    39
 Stab: Sleeping          |     2 |       |       |       |       |       |       |       |       ||     2
       Petrifying        |       |       |       |       |       |     1 |       |       |       ||     1
       Invisible         |       |       |       |       |       |    12 |       |       |       ||    12
       Distracted        |       |       |       |       |       |       |       |       |     1 ||     1
  Eat: Chunk             |     2 |     7 |    16 |    17 |    22 |    29 |     9 |    10 |     5 ||   117
       Beef jerky        |     1 |       |       |     2 |     4 |     3 |     2 |     3 |     1 ||    16
       Royal jelly       |       |       |     1 |       |     1 |       |       |       |       ||     2
       Fruit             |       |       |     1 |       |     4 |     2 |     5 |     5 |       ||    17
       Pizza             |       |       |       |       |     3 |     7 |     5 |     3 |       ||    18
       Meat ration       |       |       |       |       |       |       |     1 |     2 |     2 ||     5
Armor: Robe              |    45 |    69 |   105 |    59 |       |       |       |       |       ||   278
       Troll leather arm |       |       |       |   116 |   285 |   475 |   278 |   198 |       ||  1352
       Swamp dragon scal |       |       |       |       |       |    57 |       |       |       ||    57
       Mottled dragon sc |       |       |       |       |       |       |       |    99 |   113 ||   212
       Skin              |       |       |       |       |       |       |       |       |     3 ||     3
Dodge: Dodged            |   117 |   138 |   200 |   302 |   472 |  1051 |   685 |   737 |   244 ||  3946
       Deflected         |       |       |       |     4 |     9 |    34 |    69 |    49 |     9 ||   174
Block: Other             |       |       |     2 |    85 |   277 |   507 |   345 |   382 |    97 ||  1695
